[Event "Titled Tuesday Blitz June 20 Late 2023"]
[White "Kramnik, Vladimir"]
[Black "Babazada, Khazar"]
[WhiteFideId "4101588"]
[BlackFideId "13413554"]
[WhiteElo "2703"]
[BlackElo "2369"]
[Result "0-1"]
[Round "9"]
[TimeControl "180+2"]
[Date "2023.06.20"]
[WhiteClock "0:00:00"]
[BlackClock "0:00:12"]
[Board "18"]

1. e4 e5 2. Nf3 Nc6 3. Bc4 Nf6 4. d3 Bc5 5. O-O d6 6. c3 a6 7. Re1 h6 8. a4 Ba7 9. Nbd2 O-O 10. Nf1 Re8 11. Be3 Be6 12. Bxe6 Rxe6 13. Bxa7 Rxa7 14. Ne3 Ra8 15. b4 Ne7 16. Qc2 Ng6 17. Rad1 d5 18. exd5 Nxd5 19. Nxd5 Qxd5 20. c4 Qd6 21. d4 Qxb4 22. d5 Ree8 23. c5 e4 24. Nd4 Rad8 25. d6 cxd6 26. c6 Rc8 27. Rxe4 Rxe4 28. Qxe4 bxc6 29. Qc2 Ne5 30. h3 g6 31. f4 Nc4 32. Qf2 Qc3 33. Re1 c5 34. Nf3 Qf6 35. Qg3 d5 36. Kh2 Nd6 37. Ne5 Ne4 38. Qg4 Rd8 39. Rb1 h5 40. Qf3 Nd2 0-1


[Site "https://www.chess.com"]

[Event "Titled Tuesday Blitz June 20 Late 2023"]
[White "Bluebaum, Matthias"]
[Black "Przybylski, Wojciech"]
[WhiteFideId "24651516"]
[BlackFideId "1117599"]
[WhiteElo "2639"]
[BlackElo "2228"]
[Result "1-0"]
[Round "9"]
[TimeControl "180+2"]
[Date "2023.06.20"]
[WhiteClock "0:01:27"]
[BlackClock "0:00:00"]
[Board "19"]

1. d4 Nf6 2. c4 e6 3. Nc3 Bb4 4. e3 O-O 5. Bd2 d5 6. Nf3 Nbd7 7. Rc1 Bd6 8. cxd5 Nxd5 9. e4 Nxc3 10. bxc3 e5 11. Bd3 Re8 12. O-O c6 13. h3 h6 14. Re1 Qf6 15. a4 a5 16. Qb3 Rb8 17. Qa2 Qe7 18. Bc4 Nb6 19. Bb3 exd4 20. cxd4 Bb4 21. d5 Bxd2 22. Qxd2 Qb4 23. Qf4 Bd7 24. Rb1 cxd5 25. Ba2 Qxa4 26. Rxb6 Qxa2 27. Ne5 Be6 28. Rxe6 fxe6 29. Qf7+ Kh7 30. Qg6+ Kg8 31. Ng4 Re7 32. Nxh6+ Kf8 33. Qh7 gxh6 34. Qh8+ Kf7 35. Qxb8 d4 36. Qf4+ Ke8 37. Rc1 Kd8 38. Qb8+ Kd7 39. Rc7+ Kd6 40. Rc2+ 1-0


[Site "https://www.chess.com"]

[Event "Titled Tuesday Blitz June 20 Late 2023"]
[White "Makridis, Dimitrios"]
[Black "Makhnev, Denis"]
[WhiteFideId "25864475"]
[BlackFideId "13707647"]
[WhiteElo "2277"]
[BlackElo "2515"]
[Result "0-1"]
[Round "9"]
[TimeControl "180+2"]
[Date "2023.06.20"]
[WhiteClock "0:00:14"]
[BlackClock "0:02:02"]
[Board "20"]

1. e4 g6 2. h4 d5 3. e5 h5 4. d4 c5 5. c3 Nc6 6. Nf3 Bg4 7. Be2 e6 8. Be3 Bxf3 9. Bxf3 cxd4 10. cxd4 Nge7 11. g3 Nf5 12. O-O Bh6 13. Bxh6 Rxh6 14. Nc3 Nfxd4 15. Bg2 Kf8 16. Re1 Kg7 17. Rc1 Rh8 18. Qd2 Qe7 19. Qf4 Rac8 20. Rcd1 Nf5 21. a3 Na5 22. Nb5 Rc4 23. Qd2 Nb3 24. Qd3 Nc5 25. Qe2 a6 26. Nd6 Nxd6 27. exd6 Qf6 28. b4 Nb3 29. Rd3 Nd4 30. Qd2 Rd8 31. Rd1 Rc2 32. Qe3 Nf5 33. Qb6 Rxd6 34. Qxb7 Nxh4 0-1


[Site "https://www.chess.com"]

[Event "Titled Tuesday Blitz June 20 Late 2023"]
[White "Harsh Suresh"]
[Black "Volkov, Maksim"]
[WhiteFideId "45018464"]
[BlackFideId "54123070"]
[WhiteElo "2209"]
[BlackElo "2295"]
[Result "1-0"]
[Round "9"]
[TimeControl "180+2"]
[Date "2023.06.20"]
[WhiteClock "0:02:48"]
[BlackClock "0:01:28"]
[Board "21"]

1. e4 c5 2. Nc3 d6 3. f4 g6 4. Nf3 Bg7 5. Bc4 Nc6 6. d3 e6 7. O-O Nge7 8. Qe1 O-O 9. f5 exf5 10. Qh4 Ne5 11. Bg5 Re8 12. Nd5 N5c6 13. Nf6+ Bxf6 14. Bxf6 fxe4 15. Bxf7+ 1-0


[Site "https://www.chess.com"]

[Event "Titled Tuesday Blitz June 20 Late 2023"]
[White "Leon Oquendo, Jorge"]
[Black "Simonian, Hrair"]
[WhiteFideId "3514803"]
[BlackFideId "13302337"]
[WhiteElo "2276"]
[BlackElo "2447"]
[Result "1-0"]
[Round "9"]
[TimeControl "180+2"]
[Date "2023.06.20"]
[WhiteClock "0:00:52"]
[BlackClock "0:00:08"]
[Board "22"]

1. d4 Nf6 2. c4 e6 3. Nc3 Bb4 4. f3 d5 5. a3 Bxc3+ 6. bxc3 c5 7. cxd5 Nxd5 8. dxc5 Qa5 9. e4 Nf6 10. Be3 O-O 11. Qb3 Nfd7 12. Bb5 Qc7 13. Ne2 Nxc5 14. Qc4 b6 15. Bxc5 bxc5 16. O-O Nd7 17. Bxd7 Bxd7 18. Rfd1 Rab8 19. a4 Rb2 20. Nc1 Rc8 21. Nd3 Rbb8 22. f4 Bc6 23. Ne5 Rb2 24. Qxc5 Rxg2+ 25. Kf1 Rxh2 26. Qxc6 Qb8 27. Rab1 Qa8 28. Qxa8 Rxa8 29. Kg1 Re2 30. Rd4 f6 31. Nc6 Kf7 32. Rb7+ Kg6 33. Rxa7 Rc8 34. Ne7+ 1-0


[Site "https://www.chess.com"]

[Event "Titled Tuesday Blitz June 20 Late 2023"]
[White "Dushyant Sharma"]
[Black "Leitao, Rafael"]
[WhiteFideId "25065130"]
[BlackFideId "2101246"]
[WhiteElo "2198"]
[BlackElo "2609"]
[Result "1/2-1/2"]
[Round "9"]
[TimeControl "180+2"]
[Date "2023.06.20"]
[WhiteClock "0:00:09"]
[BlackClock "0:00:23"]
[Board "23"]

1. e4 e5 2. Nf3 Nc6 3. Nc3 Nf6 4. Bb5 Nd4 5. Nxd4 exd4 6. e5 dxc3 7. exf6 Qxf6 8. dxc3 c6 9. Qe2+ Qe7 10. Qxe7+ Bxe7 11. Bd3 d5 12. Bf4 Be6 13. O-O-O O-O 14. Rhe1 Rfe8 15. f3 b5 16. Re2 a5 17. Rde1 b4 18. Bf5 bxc3 19. bxc3 Bxf5 20. Rxe7 Be6 21. Rxe8+ Rxe8 22. Kd2 f6 23. Rb1 d4 24. cxd4 Bxa2 25. Rb8 Rxb8 26. Bxb8 Kf7 27. Kc3 Ke6 28. Bc7 a4 29. Kb4 Kd5 30. Bb6 Bc4 31. Kxa4 Bf1 32. g3 Be2 33. f4 h5 34. Kb4 g5 35. Bd8 gxf4 36. gxf4 f5 37. Kc3 Ke4 38. Bg5 1/2-1/2


[Site "https://www.chess.com"]

[Event "Titled Tuesday Blitz June 20 Late 2023"]
[White "MaryanKyrychenko"]
[Black "Maksimovic, Bojan"]
[BlackFideId "14408120"]
[WhiteElo "2562"]
[BlackElo "2457"]
[Result "1-0"]
[Round "9"]
[TimeControl "180+2"]
[Date "2023.06.20"]
[WhiteClock "0:00:23"]
[BlackClock "0:01:45"]
[Board "24"]

1. e4 c5 2. Nc3 e6 3. f4 d5 4. Nf3 dxe4 5. Nxe4 Be7 6. Bb5+ Bd7 7. Bxd7+ Qxd7 8. d3 Nc6 9. O-O Nf6 10. Be3 b6 11. Qe2 O-O 12. Rad1 Qc7 13. g3 Rad8 14. Rfe1 Rd5 15. Nc3 Rd7 16. d4 cxd4 17. Nb5 Qb7 18. Nbxd4 Nxd4 19. Bxd4 Rfd8 20. c3 Bc5 21. b4 Bxd4+ 22. Rxd4 Rxd4 23. Nxd4 Nd5 24. Qf3 Qc8 25. f5 exf5 26. Nxf5 Qxc3 27. Qe4 g6 28. Qe8+ 1-0


[Site "https://www.chess.com"]

[Event "Titled Tuesday Blitz June 20 Late 2023"]
[White "Haszon, David"]
[Black "Maximov, Dmitry"]
[WhiteFideId "733610"]
[BlackFideId "14105659"]
[WhiteElo "2210"]
[BlackElo "2494"]
[Result "1-0"]
[Round "9"]
[TimeControl "180+2"]
[Date "2023.06.20"]
[WhiteClock "0:00:25"]
[BlackClock "0:00:10"]
[Board "25"]

1. d4 Nf6 2. Bf4 d6 3. Nc3 Nfd7 4. Nf3 Nc6 5. Qd2 e5 6. dxe5 dxe5 7. Bg5 f6 8. Bh4 Nb6 9. Qxd8+ Nxd8 10. Nb5 Ne6 11. e3 c6 12. Nc3 Bb4 13. O-O-O Bxc3 14. bxc3 Nc5 15. Bg3 Be6 16. a3 Nba4 17. c4 Ke7 18. Nd2 Nc3 19. Re1 Rhd8 20. Nb3 N5a4 21. f4 e4 22. Nd4 c5 23. Nxe6 Kxe6 24. Be2 f5 25. Bh4 Rd6 26. g4 g6 27. gxf5+ gxf5 28. Rhg1 Nxe2+ 29. Rxe2 Nc3 30. Reg2 b5 31. Kb2 Na4+ 32. Kb3 a6 33. Rg7 Re8 34. Rxh7 bxc4+ 35. Kxa4 Kd5 36. Rd1+ Kc6 37. Rxd6+ Kxd6 38. Bg5 c3 39. Kb3 Rb8+ 40. Kxc3 Rb1 41. Rh6+ Kd5 42. Rxa6 Rh1 43. Be7 Rxh2 44. Rd6# 1-0


[Site "https://www.chess.com"]

[Event "Titled Tuesday Blitz June 20 Late 2023"]
[White "Czerw, Dawid"]
[Black "Nazari, Arad"]
[WhiteFideId "1145746"]
[BlackFideId "12577324"]
[WhiteElo "2144"]
[BlackElo "2175"]
[Result "0-1"]
[Round "9"]
[TimeControl "180+2"]
[Date "2023.06.20"]
[WhiteClock "0:00:00"]
[BlackClock "0:00:21"]
[Board "26"]

1. e4 e6 2. d4 d5 3. Nc3 Nf6 4. Bg5 dxe4 5. Nxe4 Be7 6. Bxf6 gxf6 7. Nf3 f5 8. Nc3 a6 9. g3 b5 10. Bg2 Bb7 11. O-O O-O 12. Ne2 c5 13. Nf4 cxd4 14. Nxd4 Bxg2 15. Kxg2 Ra7 16. Re1 Bf6 17. Nb3 Bxb2 18. Rb1 Qxd1 19. Rexd1 Ba3 20. Nh5 Rc8 21. Rd2 Bb4 22. Rd3 Be7 23. Rbd1 Kf8 24. R1d2 Nc6 25. c3 Ne5 26. Rd4 Rxc3 27. Nf4 Rc4 28. Rxc4 Nxc4 29. Re2 Rd7 30. h4 Bd6 31. Nh3 Be7 32. Nf4 a5 33. Rc2 a4 34. Nc1 Rd2 35. Rxd2 Nxd2 36. Ncd3 b4 37. Ne2 b3 38. axb3 axb3 39. Nec1 Bf6 40. Ne2 b2 41. Nxb2 Bxb2 42. Nf4 Be5 0-1


[Site "https://www.chess.com"]

[Event "Titled Tuesday Blitz June 20 Late 2023"]
[White "Oro, Faustino"]
[Black "Kovalevsky, Stanislav"]
[WhiteFideId "20000197"]
[BlackFideId "13508598"]
[WhiteElo "1984"]
[BlackElo "2112"]
[Result "1-0"]
[Round "9"]
[TimeControl "180+2"]
[Date "2023.06.20"]
[WhiteClock "0:00:15"]
[BlackClock "0:00:03"]
[Board "27"]

1. d4 Nf6 2. Nf3 d5 3. g3 c6 4. Bg2 Bg4 5. O-O Qc8 6. c4 Bh3 7. Nbd2 Bxg2 8. Kxg2 e6 9. Qc2 Nbd7 10. e4 dxe4 11. Nxe4 Nxe4 12. Qxe4 Nf6 13. Qe2 Be7 14. b3 O-O 15. Bb2 Rd8 16. Rad1 Qc7 17. Rfe1 Rd7 18. Ne5 Rdd8 19. Qe3 a5 20. Bc3 a4 21. Qe2 Bf8 22. Qc2 c5 23. dxc5 Qxc5 24. Nf3 Qc6 25. Bxf6 gxf6 26. Qc3 Bg7 27. Qb4 axb3 28. axb3 f5 29. Qe7 Re8 30. Qd7 Qb6 31. Ng5 Rf8 32. Qd3 Ra2 33. Rf1 Rb2 34. Rb1 Rd8 35. Qf3 Rxb1 36. Rxb1 h6 37. Nh3 Rd2 38. b4 Qd4 39. c5 Qd5 40. Nf4 Qxf3+ 41. Kxf3 Bd4 42. Ne2 e5 43. Nxd4 Rxd4 44. Ke3 Kf8 45. b5 Rc4 46. c6 b6 47. Ra1 Ke7 48. Ra7+ Ke6 49. Rb7 Rc3+ 50. Ke2 Kd5 51. Rxb6 f4 52. gxf4 exf4 53. Rb7 f3+ 54. Kd2 Rb3 55. c7 Rb2+ 56. Kc3 Rxf2 57. c8=Q Rf1 58. Qf5+ Kd6 59. Rd7# 1-0


[Site "https://www.chess.com"]

[Event "Titled Tuesday Blitz June 20 Late 2023"]
[White "TimGrutter03"]
[Black "Licznerski, Lukasz"]
[BlackFideId "1179250"]
[WhiteElo "2619"]
[BlackElo "2453"]
[Result "0-1"]
[Round "9"]
[TimeControl "180+2"]
[Date "2023.06.20"]
[WhiteClock "0:00:00"]
[BlackClock "0:00:08"]
[Board "28"]

1. d4 Nf6 2. Nc3 d5 3. Bf4 a6 4. e3 e6 5. g4 Bd6 6. g5 Bxf4 7. gxf6 Bd6 8. fxg7 Rg8 9. Qh5 Rxg7 10. O-O-O Qg5 11. Qxg5 Rxg5 12. f4 Rg7 13. Nf3 Nc6 14. Ne5 Nxe5 15. fxe5 Be7 16. Bd3 c5 17. Rhg1 Bg5 18. Kb1 Kf8 19. Rg3 Bxe3 20. Rxe3 cxd4 21. Rf3 dxc3 22. bxc3 Bd7 23. Rdf1 Rc8 24. Kb2 Be8 25. h4 Kg8 26. Rf6 Rc5 27. R1f4 Bb5 28. h5 Be8 29. h6 Rg5 30. Rf1 Rc8 31. R6f2 Rh5 32. Re1 Rxh6 33. Rg2+ Kf8 34. Reg1 Rh5 35. Rg7 h6 36. Rh7 Rxe5 37. Rxh6 Ke7 38. Rh7 Re3 39. Rgg7 Rc7 40. Bg6 Kf6 41. Bd3 Rf3 42. Rg8 Bb5 43. Bxb5 axb5 44. Rh6+ Ke7 45. Rh7 Rfxc3 46. Rgg7 Rxc2+ 47. Kb3 Rf2 48. Kb4 Rcc2 49. Kxb5 Rxa2 50. Kb6 Rab2+ 51. Kc5 Rbc2+ 52. Kd4 b5 53. Rg1 b4 54. Rb1 Rc4+ 55. Kd3 Rf3+ 56. Ke2 Ra3 57. Rh8 b3 58. Rb8 Rc2+ 59. Kd1 Rh2 60. Rb7+ Kf6 61. R1xb3 Rxb3 62. Rxb3 d4 63. Rf3+ Ke7 64. Ke1 f5 65. Ra3 Kf6 66. Ra5 f4 67. Rb5 e5 68. Kf1 Kf5 69. Kg1 Ra2 70. Rb3 Ke4 71. Kf1 f3 72. Rb8 Kf4 73. Rb3 e4 74. Rb4 Ra1+ 0-1


[Site "https://www.chess.com"]

[Event "Titled Tuesday Blitz June 20 Late 2023"]
[White "Moral Garcia, Serafin"]
[Black "Baskakov, Egor"]
[WhiteFideId "2201925"]
[BlackFideId "24197866"]
[WhiteElo "2274"]
[BlackElo "2225"]
[Result "1/2-1/2"]
[Round "9"]
[TimeControl "180+2"]
[Date "2023.06.20"]
[WhiteClock "0:00:16"]
[BlackClock "0:01:02"]
[Board "29"]

1. c4 Nf6 2. Nc3 e6 3. Nf3 d5 4. e3 Ne4 5. cxd5 Nxc3 6. dxc3 exd5 7. c4 Be6 8. cxd5 Bxd5 9. Be2 Bd6 10. O-O Nc6 11. b3 O-O 12. Bb2 Be4 13. h3 Qe7 14. Bd3 Rad8 15. Kh1 Bc5 16. Nd4 Nxd4 17. exd4 Bxd4 18. Qe2 Bxg2+ 19. Kxg2 Qxe2 20. Bxe2 Bxb2 21. Rad1 Bd4 22. Bf3 c6 23. Rfe1 Bc5 24. Rxd8 Rxd8 25. Rd1 Rxd1 26. Bxd1 Kf8 27. Bg4 Bd4 28. Bc8 b6 29. Bb7 c5 30. Bd5 Ke7 31. f3 f5 32. Kg3 Kd6 33. Bg8 h6 34. h4 g5 35. hxg5 hxg5 36. Bh7 Ke5 37. Bg6 Be3 38. Kg2 b5 39. Kf1 c4 40. bxc4 bxc4 41. Ke2 Bf4 42. Bf7 Kd4 43. Be6 g4 44. fxg4 fxg4 45. Bxg4 Kc3 46. Be6 a5 47. Kd1 Kd3 48. Bf5+ Kc3 49. Be6 Bg5 50. Bf7 a4 51. Bg8 a3 52. Bf7 Bf4 53. Bg8 Kd3 54. Bh7+ Kc3 55. Bg8 Be3 56. Bf7 Bc5 57. Bg8 Bd6 58. Bf7 Kb2 59. Bxc4 Bc5 60. Bb3 Bd6 61. Bc4 Bb4 1/2-1/2


[Site "https://www.chess.com"]

[Event "Titled Tuesday Blitz June 20 Late 2023"]
[White "Bjelobrk, Igor"]
[Black "Goltsev, Dmitry"]
[WhiteFideId "4300726"]
[BlackFideId "24176710"]
[WhiteElo "2319"]
[BlackElo "2356"]
[Result "1-0"]
[Round "9"]
[TimeControl "180+2"]
[Date "2023.06.20"]
[WhiteClock "0:00:28"]
[BlackClock "0:00:02"]
[Board "30"]

1. d4 Nf6 2. c4 e6 3. g3 Bb4+ 4. Bd2 Be7 5. Bg2 d5 6. Nf3 b6 7. cxd5 exd5 8. Nc3 O-O 9. O-O c5 10. Rc1 Nc6 11. dxc5 bxc5 12. Bg5 Be6 13. Ne1 Rb8 14. b3 Rb4 15. Nd3 Rd4 16. e3 Rg4 17. Bxf6 Bxf6 18. Nxd5 Bxd5 19. Bxd5 Qxd5 20. Rxc5 Qe6 21. Rxc6 Rxg3+ 22. hxg3 Qxc6 23. Qe2 Rd8 24. Rc1 Qa6 25. Rc4 h5 26. Nc5 Qa5 27. Nb7 Rd2 28. Qf3 Qe5 29. a4 g6 30. Nc5 Qa1+ 31. Kh2 Rd1 32. Ne4 Kg7 33. Rc7 Re1 34. Nxf6 Qxf6 35. Qxf6+ Kxf6 36. Rxa7 Rb1 37. Rb7 Kf5 38. a5 Kg4 39. Kg2 Rb2 40. a6 Ra2 41. Rb4+ Kg5 42. Ra4 Rc2 43. a7 h4 44. gxh4+ Kh5 45. a8=Q g5 46. Qf3+ Kh6 47. hxg5+ Kg7 48. Qf6+ Kh7 49. Rh4+ Kg8 50. Rh8# 1-0


[Site "https://www.chess.com"]

[Event "Titled Tuesday Blitz June 20 Late 2023"]
[White "Gubajdullin, Alexei"]
[Black "Santos Ruiz, Miguel"]
[WhiteFideId "4141202"]
[BlackFideId "22291482"]
[WhiteElo "2279"]
[BlackElo "2499"]
[Result "0-1"]
[Round "9"]
[TimeControl "180+2"]
[Date "2023.06.20"]
[WhiteClock "0:00:11"]
[BlackClock "0:00:31"]
[Board "31"]

1. d4 Nf6 2. Nf3 c6 3. Bf4 h6 4. Nbd2 g5 5. Bg3 d6 6. h3 Bf5 7. e3 Bg7 8. Bd3 Bxd3 9. cxd3 Nbd7 10. Qb3 Qb6 11. Qa3 d5 12. Nb3 e6 13. Bd6 Bf8 14. Bxf8 Rxf8 15. O-O a5 16. Rfc1 Qb4 17. Rab1 Ke7 18. Ne1 Qxa3 19. bxa3 Rfc8 20. a4 b6 21. Rc3 Rc7 22. Rbc1 Rac8 23. Nc2 Nb8 24. Na3 Na6 25. Nc2 c5 26. dxc5 Nxc5 27. Ncd4 Na6 28. Rxc7+ Rxc7 29. Rxc7+ Nxc7 30. Kf1 Nd7 31. Ke2 Kd6 32. Nb5+ Nxb5 33. axb5 e5 34. a4 Nc5 35. Nc1 Nxa4 36. Kd2 Kc5 37. d4+ exd4 38. Nb3+ Kxb5 39. Nxd4+ Kc4 40. g4 Nc3 41. Nf5 Ne4+ 42. Ke2 a4 43. Nxh6 a3 44. Nxf7 a2 45. Ne5+ Kb5 46. Nf3 a1=Q 47. Nd4+ Kc4 0-1


[Site "https://www.chess.com"]

[Event "Titled Tuesday Blitz June 20 Late 2023"]
[White "Mahdavi, Reza"]
[Black "Isajevsky, Anton"]
[WhiteFideId "12595926"]
[BlackFideId "4142500"]
[WhiteElo "2395"]
[BlackElo "2510"]
[Result "1-0"]
[Round "9"]
[TimeControl "180+2"]
[Date "2023.06.20"]
[WhiteClock "0:00:27"]
[BlackClock "0:00:00"]
[Board "32"]

1. e4 e6 2. d4 d5 3. Nc3 dxe4 4. Nxe4 Bd7 5. Nf3 Bc6 6. Bd3 Nd7 7. Bf4 Ngf6 8. Nxf6+ Nxf6 9. O-O Bxf3 10. Qxf3 c6 11. Be5 Be7 12. Qg3 O-O 13. f4 g6 14. f5 exf5 15. Rxf5 Nd5 16. Raf1 f6 17. Rh5 Rf7 18. c4 Nb4 19. Bxg6 hxg6 20. Qxg6+ Rg7 21. Qh6 Nd3 22. Rxf6 Bxf6 23. Bxf6 Qf8 24. Qh8+ Kf7 25. Bxg7 Qxh8 26. Rxh8 Rxh8 27. Bxh8 Nxb2 28. c5 Nd3 29. h4 Kg6 30. g4 Nc1 31. Kf2 Nxa2 32. Kf3 Nc3 33. h5+ Kh7 34. Be5 Nd5 35. g5 a5 36. Kg4 a4 37. Kf5 a3 38. g6+ Kh6 39. g7 a2 40. Ke6 Kh7 41. Kf7 Ne7 42. d5 cxd5 43. Kxe7 1-0


[Site "https://www.chess.com"]

[Event "Titled Tuesday Blitz June 20 Late 2023"]
[White "Fiorito, Francisco"]
[Black "Yuan, Qingyu"]
[WhiteFideId "180165"]
[BlackFideId "8609772"]
[WhiteElo "2319"]
[BlackElo "2359"]
[Result "1-0"]
[Round "9"]
[TimeControl "180+2"]
[Date "2023.06.20"]
[WhiteClock "0:00:03"]
[BlackClock "0:00:00"]
[Board "33"]

1. d4 Nf6 2. Nc3 d5 3. Bf4 c5 4. e3 cxd4 5. exd4 a6 6. Nf3 Nc6 7. Ne5 Bd7 8. Nxc6 Bxc6 9. Qf3 e6 10. Bd3 Qb6 11. O-O-O Qxd4 12. Bxa6 Qb6 13. Bd3 d4 14. Ne4 Rxa2 15. Kd2 Bb4+ 16. Ke2 Nxe4 17. Bxe4 Qa6+ 18. Rd3 Rxb2 19. Rc1 Bb5 20. g4 O-O 21. Qh3 f5 22. gxf5 exf5 23. Bd5+ Kh8 24. Rd1 Rxc2+ 25. Kf1 Bxd3+ 26. Qxd3 Qxd3+ 27. Rxd3 b6 28. Kg2 Bc3 29. Rg3 Re2 30. Bc4 Ree8 31. h4 Re4 32. Rf3 h6 33. h5 Rf6 34. Bd3 g5 35. Bg3 g4 36. Bxe4 gxf3+ 37. Bxf3 Kh7 38. Be2 Rf7 39. Kf3 f4 40. Bh4 Kg7 41. Bd3 Rf8 42. Be7 Rf7 43. Bd6 Bd2 44. Be5+ Kf8 45. Bxd4 Rd7 46. Ke4 Ba5 47. Bb5 Re7+ 48. Kxf4 Rf7+ 49. Ke4 Bb4 50. f4 Bc5 51. Be5 Ke7 52. Bc4 Rh7 53. Bg8 Rf7 54. f5 Rf8 55. Bc4 Rf6 56. Bb5 Rf8 57. Bf4 Rf6 58. Bd2 Bd6 59. Bc3 Rf7 60. Bd3 Rf8 61. Kd5 Kd7 62. f6 Bc5 63. Bb5+ Kc7 64. Ke6 Kd8 65. f7 Kc7 66. Bf6 Rc8 67. Be7 Rb8 68. Bxc5 bxc5 69. Ke7 Kb6 70. Bd7 c4 71. f8=Q Rxf8 72. Kxf8 Kc5 73. Kg7 Kd6 74. Bf5 Ke7 75. Kxh6 Kf8 76. Kh7 c3 77. Bc2 Kf7 78. h6 Kf8 79. Bb3 Ke7 80. Kg7 Kd6 81. h7 c2 82. Bxc2 1-0


[Site "https://www.chess.com"]

[Event "Titled Tuesday Blitz June 20 Late 2023"]
[White "De La Villa Garcia, Jesus Maria"]
[Black "Velikanov, Alexander"]
[WhiteFideId "2200040"]
[BlackFideId "2039290"]
[WhiteElo "2580"]
[BlackElo "2259"]
[Result "1-0"]
[Round "9"]
[TimeControl "180+2"]
[Date "2023.06.20"]
[WhiteClock "0:01:39"]
[BlackClock "0:00:00"]
[Board "34"]

1. c4 e5 2. Nc3 Nf6 3. Nf3 Nc6 4. g3 Bb4 5. Bg2 O-O 6. Nd5 a5 7. O-O h6 8. d4 e4 9. Ne5 Re8 10. Nxf6+ Qxf6 11. Bxe4 Nxe5 12. dxe5 Qxe5 13. Bg2 Qxe2 14. Qa4 Ra6 15. Be3 Qxb2 16. Rab1 Qe2 17. a3 Bf8 18. Bxb7 Bxb7 19. Rxb7 Rxe3 20. fxe3 Bc5 21. Qd1 Qxe3+ 22. Kg2 Rd6 23. Rb8+ Kh7 24. Qc2+ Qd3 25. Qxd3+ Rxd3 26. Rxf7 Rxa3 27. Rxd7 Bd6 28. Rb7 Rc3 29. Ra7 Rxc4 30. Rxa5 Rc2+ 31. Kh3 Rc3 32. Rf5 Re3 33. Rff7 Be5 34. Rfe7 Kg6 35. Rxc7 Re2 36. Rc5 Kf6 37. Re8 g5 38. Rc6+ Kf5 39. Rf8+ Ke4 40. Rxh6 Bd4 41. Re6+ Be5 42. Rxe5+ Kd4 43. Rxe2 g4+ 44. Kxg4 1-0


[Site "https://www.chess.com"]

[Event "Titled Tuesday Blitz June 20 Late 2023"]
[White "Salimova, Nurgyul"]
[Black "Sharan, Rao"]
[WhiteFideId "2915138"]
[BlackFideId "5073464"]
[WhiteElo "2343"]
[BlackElo "2149"]
[Result "0-1"]
[Round "9"]
[TimeControl "180+2"]
[Date "2023.06.20"]
[WhiteClock "0:00:00"]
[BlackClock "0:02:00"]
[Board "35"]

1. e4 c6 2. d4 d5 3. f3 e6 4. Nc3 Nf6 5. e5 Nfd7 6. f4 c5 7. Nf3 Nc6 8. Be3 Qb6 9. Na4 Qa5+ 10. c3 b6 11. Bd2 c4 12. b4 Nxb4 13. cxb4 Bxb4 14. Qc2 Bxd2+ 15. Nxd2 b5 16. Nc3 b4 17. Ne2 Nb8 18. g3 Nc6 19. Bg2 Qb6 20. Nf3 a5 21. O-O a4 22. f5 exf5 23. Nf4 Be6 24. Kh1 O-O 25. Qd2 b3 26. Nh5 h6 27. Nf6+ Kh8 28. Qf4 b2 29. Rae1 c3 30. g4 fxg4 31. Nh4 Qxd4 32. Qg3 c2 33. h3 b1=Q 34. Rxb1 cxb1=Q 35. Rxb1 Qxe5 36. Qd3 Qxf6 37. Rf1 Qxh4 0-1


[Site "https://www.chess.com"]

[Event "Titled Tuesday Blitz June 20 Late 2023"]
[White "Korchmar, Vasiliy"]
[Black "O`Gorman, Tom"]
[WhiteFideId "24131750"]
[BlackFideId "2508249"]
[WhiteElo "2370"]
[BlackElo "2299"]
[Result "0-1"]
[Round "9"]
[TimeControl "180+2"]
[Date "2023.06.20"]
[WhiteClock "0:00:18"]
[BlackClock "0:01:23"]
[Board "36"]

1. e4 e5 2. Nf3 Nf6 3. Nc3 Nc6 4. Bb5 Nd4 5. O-O Nxb5 6. Nxb5 d6 7. d4 exd4 8. Qxd4 a6 9. e5 axb5 10. exf6 Qxf6 11. Re1+ Be6 12. Qd5 c6 13. Qd3 Be7 14. Ng5 d5 15. Qe2 O-O 16. Nxe6 fxe6 17. Qxe6+ Qxe6 18. Rxe6 Bc5 19. Re2 Rxf2 20. Rxf2 Rf8 21. b4 Bxf2+ 22. Kh1 Bd4 0-1


[Site "https://www.chess.com"]

[Event "Titled Tuesday Blitz June 20 Late 2023"]
[White "Ladron De Guevara Pinto, Paolo"]
[Black "Kakabayev, Mergen"]
[WhiteFideId "2290847"]
[BlackFideId "14002990"]
[WhiteElo "2398"]
[BlackElo "2240"]
[Result "1-0"]
[Round "9"]
[TimeControl "180+2"]
[Date "2023.06.20"]
[WhiteClock "0:00:09"]
[BlackClock "0:00:09"]
[Board "37"]

1. Nf3 Nf6 2. g3 b5 3. Bg2 Bb7 4. O-O e6 5. d3 Be7 6. e4 O-O 7. Re1 d6 8. a4 b4 9. a5 c5 10. Nbd2 a6 11. Nc4 Nbd7 12. Bf4 d5 13. Nd6 Bc6 14. e5 Ne8 15. Nxe8 Rxe8 16. h4 Nf8 17. h5 Rb8 18. h6 g6 19. Qd2 Rb5 20. Bg5 Nd7 21. Qf4 Rxa5 22. Bxe7 Rxe7 23. Nh2 Rxa1 24. Rxa1 a5 25. Ng4 a4 26. Nf6+ Nxf6 27. Qxf6 Qf8 28. g4 Ra7 29. g5 a3 30. bxa3 bxa3 31. Ra2 Ra8 32. c4 Ra7 33. Bh3 dxc4 34. dxc4 Be4 35. Rd2 a2 36. Rd8 a1=Q+ 37. Bf1 Qxe5 38. Qxe5 Qxd8 39. Qg7# 1-0


[Site "https://www.chess.com"]

[Event "Titled Tuesday Blitz June 20 Late 2023"]
[White "Ismagilov, Damir"]
[Black "Bolourchifard, Farzad"]
[WhiteFideId "34199982"]
[BlackFideId "12510084"]
[WhiteElo "2104"]
[BlackElo "2317"]
[Result "0-1"]
[Round "9"]
[TimeControl "180+2"]
[Date "2023.06.20"]
[WhiteClock "0:00:08"]
[BlackClock "0:01:19"]
[Board "38"]

1. d4 Nf6 2. Bf4 e6 3. e3 c5 4. c3 b6 5. Nd2 Be7 6. h3 O-O 7. Ngf3 d6 8. Bd3 Ba6 9. Bxa6 Nxa6 10. Qe2 Nc7 11. e4 Qd7 12. O-O Rfc8 13. Bh2 Qb5 14. Qxb5 Nxb5 15. a4 Nc7 16. e5 dxe5 17. Bxe5 Ncd5 18. dxc5 Bxc5 19. Nb3 Bf8 20. Rfd1 Nd7 21. Bg3 f6 22. Nfd4 Kf7 23. Nxe6 Kxe6 24. Re1+ Kf7 25. Rad1 Nc5 26. Nd4 Re8 27. Nb5 Rxe1+ 28. Rxe1 a6 29. Nd6+ Bxd6 30. Bxd6 Ne6 31. Rd1 Ne7 32. Ba3 Rd8 33. Re1 g5 34. b4 b5 35. Rc1 bxa4 36. c4 Rd3 37. Ra1 Rb3 38. c5 Nc6 39. Bc1 Rxb4 40. Bd2 Rc4 41. Rb1 Nxc5 42. Be3 Ne6 43. Rb7+ Kg6 44. Rb6 a5 45. g4 a3 46. Rb3 Ra4 47. Rc3 a2 48. Rxc6 a1=Q+ 0-1


[Site "https://www.chess.com"]

[Event "Titled Tuesday Blitz June 20 Late 2023"]
[White "Spata, German"]
[Black "Ozates, Tuna"]
[WhiteFideId "113026"]
[BlackFideId "6354521"]
[WhiteElo "2260"]
[BlackElo "2151"]
[Result "0-1"]
[Round "9"]
[TimeControl "180+2"]
[Date "2023.06.20"]
[WhiteClock "0:00:02"]
[BlackClock "0:00:38"]
[Board "39"]

1. Nf3 g6 2. e3 Bg7 3. d4 d6 4. b3 f5 5. Be2 Nf6 6. Bb2 O-O 7. O-O c6 8. c4 e6 9. Nc3 Qe7 10. a4 Rd8 11. Ba3 h6 12. Qc2 Na6 13. e4 Kh7 14. e5 Ne8 15. Rfe1 Qc7 16. exd6 Nxd6 17. Ne5 Nf7 18. Rad1 Nxe5 19. dxe5 Rxd1 20. Rxd1 Bxe5 21. h3 b6 22. Bf3 Bb7 23. Ne2 Rd8 24. Rd3 Bg7 25. Rxd8 Qxd8 26. Nf4 Qf6 27. g3 e5 28. Bb2 Qe7 29. Ne2 e4 30. Bg2 Nb4 31. Qd2 Nd3 32. Bxg7 Qxg7 33. Nf4 Nxf4 34. Qxf4 c5 35. g4 Qf7 36. h4 h5 37. gxh5 gxh5 38. Bh3 Bc8 39. Qb8 Be6 40. Qe5 Qg7+ 41. Qxg7+ Kxg7 42. f4 exf3 43. Kf2 Kf6 44. Kxf3 Ke5 45. Bf1 f4 46. Kf2 Bf5 47. Be2 Bg4 48. Bf3 Bxf3 49. Kxf3 Kf5 50. Kf2 Kg4 0-1


[Site "https://www.chess.com"]